AoeStats
← 1ØØ | Camilo

Golden Pit

509767758Analyzed
1v1 RM · 4d ago on Sep 27, 2026· 45m 32s· 2 players
Game mode
Random Map
Map size
Tiny (2 player)
Population
200
Speed
Normal
Resources
Standard
Victory
Conquest
Starting age
Dark Age
Ending age
Imperial Age
RankedLock teamsTeams togetherTeam positionsShared explorationLock speedFull tech treeHidden civsTurbo modeCheats
Victory
Defeat
🇲🇽 Lithuanians · Mexico
1422
+15
🇨🇴 Bulgarians · Colombia
1405
-15
1ØØ | Camilo
10:53 Feudal Age
13:43 Loom
17:04 Castle Age
16:37 Gold Mining
18:16 Stone Mining
20:54 Scale Barding Armor
25:34 Forging
26:33 Iron Casting
35:45 Chain Barding Armor
35:20 Horse Collar
39:05 Fletching
43:28 Gold Shaft Mining
dany_gog
5:53 Loom
8:43 Feudal Age
8:51 Man-at-Arms
9:17 Double-Bit Axe
13:28 Fletching
17:27 Wheelbarrow
21:34 Castle Age
25:53 Forging
25:49 Scale Barding Armor
25:37 Horse Collar
27:20 Stone Mining
27:20 Gold Mining
32:22 Bow Saw
34:19 Bodkin Arrow
35:27 Hand Cart
35:34 Bloodlines
40:09 Iron Casting
44:17 Imperial Age
43:43 Ballistics
44:22 Cavalier
45:02 Husbandry
45:23 Chain Barding Armor
45:06 Bracer
Connection lost

Rejoining the realm…

Still unreachable

The connection could not be restored.

Session expired

The server has moved on; the page needs a fresh start.